 Dungeon Crawl Stone Soup version 0.32-a0-422-g28b100f618 (webtiles) character file.

Game seed: 2803240874946116581

276 FireLeaper the Chopper (level 6, -4/44 (48) HPs)
             Began as a Coglin Fighter on Feb 21, 2024.
             Was an Initiate of Sif Muna.
             Killed from afar by a laughing skull (48 damage)
             ... with a bolt of negative energy
             ... on level 1 of the Abyss.
             The game lasted 00:02:19 (2236 turns).

FireLeaper the Chopper (Coglin Fighter)             Turns: 2236, Time: 00:02:19

HP:   -4/44 (48)    AC: 10    Str: 19    XL:     6   Next: 25%
MP:   6/6           EV: 11    Int:  7    God:    Sif Muna [......]
Gold: 87            SH:  0    Dex: 13    Spells: 5/5 levels left

rFire   . . .        a - +0 war axe {Kulveer}
rCold   + . .        q - +0 whip {Shedsu-nefertum}
rNeg    . . .        t - +3 ring mail of Daisies {rC+}
rPois   .            (no helmet)
rElec   .            (no cloak)
rCorr   .            s - +1 pair of gloves
SInv    .            (no boots)
Will    .....        (no amulet)
Stlth   +            (no ring)
HPRegen 0.27/turn    (no ring)
MPRegen 0.10/turn

%: no passive effects
@: drained
A: off-hand wielding, slow wielding, warmup strikes, legs shutdown
a: Renounce Religion


You were on level 1 of the Abyss.
You worshipped Sif Muna.
Sif Muna was noncommittal.
You visited 1 branch of the dungeon, and saw 4 of its levels.
You visited the Abyss 1 time.

You collected 87 gold pieces.

Inventory:

Hand Weapons
 a - a +0 war axe (weapon) {Kulveer}
 q - a +0 whip (offhand) {Shedsu-nefertum}
Armour
 b - a +0 scale mail
 c - a +0 buckler
 s - a +1 pair of gloves (worn)
 t - the +3 ring mail of Daisies (worn) {rC+}
   (You found it on level 3 of the Dungeon)

   rC+:       It protects you from cold.
Jewellery
 p - a ring of magical power
Wands
 j - a wand of polymorph (7)
Scrolls
 f - a scroll of enchant armour {unknown}
 g - 2 scrolls of immolation {unknown}
 h - a scroll of blinking {unknown}
 l - 2 scrolls of identify {unknown}
 m - 2 scrolls of enchant weapon {unknown}
 r - a scroll of fear {unknown}
 u - a scroll of noise {unknown}
Potions
 d - a potion of might {@q3}
 e - a potion of berserk rage {unknown}
 i - 2 potions of curing {unknown}
 k - 4 potions of enlightenment {unknown}
 n - 2 potions of attraction {unknown}
 o - a potion of cancellation {unknown}
 v - a potion of haste {unknown}


   Skills:
 + Level 4.0 Fighting
 * Level 4.2 Axes
 + Level 3.6 Armour
 + Level 2.1 Dodging
 - Level 2.1 Shields


You had 5 spell levels left.
You didn't know any spells.
Your spell library was empty.

Dungeon Overview and Level Annotations

Branches:
Dungeon (4/15)
 Temple: D:4-7

Altars:
Sif Muna


Innate Abilities, Weirdness & Mutations

You can wield a second weapon in your off-hand.
It takes a long time for you to wield or remove held weapons.
Your first few attacks do less damage.
Attacking and casting redirects power from your legs.


Message History

The hobgoblin hits you but does no damage. x2
There is a stone staircase leading up here.
You hit the hobgoblin with your +0 whip.
The hobgoblin is severely wounded.
You slash the hobgoblin with your +0 war axe!
You kill the hobgoblin!
Sif Muna accepts your kill.
No target in view!
You are no longer unable to travel.
v - a metallic amethyst potion A kobold comes into view.
It is wielding a +1 whip of distortion.
The kobold shouts!
You hear an angry hiss.
An endoplasm comes into view.
A kobold comes into view. It is wielding a +0 dagger.
The endoplasm quivers.
The kobold shouts!
The kobold moves out of view.
An adder comes into view.
The kobold hits you but does no damage.
You hit the kobold but do no damage.
You closely miss the kobold with your +0 war axe. x2
The kobold hits you but does no damage.
The kobold hits you with a +1 whip of distortion.
You are cast into the Abyss!
This branch contains the abyssal rune of Zot.
Unknown command.
You cannot move.
You cannot move.
You start resting.
You are no longer unable to travel.
HP restored. 4 laughing skulls come into view.
The laughing skull gives a hideous shriek! x4
The laughing skull lets out a vicious peal of laugher.
The bolt of negative energy hits the laughing skull.
The laughing skull completely resists.
The bolt of negative energy hits you!!!
You feel drained.
Ouch! That really hurt!
You die...
The laughing skull crumbles to pieces from sheer joy.

..# ..... #.. ...
# .
.#..###.###.##.
........#...#....
................
......#..........
.#...###.........
#................
#......@..zz..z..
.........z...#..#
..............##.
..............#
.##...#......##
####.#..#.##
##.##..# # ...
#...


You could see 4 laughing skulls.

Vanquished Creatures
  An ogre (D:4)
  A hound (D:3)
  Terence (D:2)
  An adder (D:3)
  3 dart slugs
  2 ribbon worms
  5 orcs (D:3)
  4 endoplasms
  5 giant cockroaches
  A goblin (D:1)
  8 hobgoblins
  5 jackals
  10 kobolds
  A quokka (D:3)
  6 ball pythons
  3 bats
  3 frilled lizards
  6 rats
66 creatures vanquished.

Notes
Turn   | Place    | Note
-------+----------+-------------------------------------------
     0 | D:1      | FireLeaper the Coglin Fighter began the quest for the Orb.
     0 | D:1      | Reached XP level 1. HP: 18/18 MP: 1/1
   176 | D:1      | Reached XP level 2. HP: 24/24 MP: 2/2
   273 | D:1      | Reached XP level 3. HP: 28/29 MP: 3/3
   620 | D:2      | Noticed Terence
   631 | D:2      | Killed Terence
   632 | D:2      | Reached skill level 1 in Dodging
   632 | D:2      | Reached XP level 4. HP: 29/35 MP: 4/4
  1297 | D:3      | Reached XP level 5. HP: 41/41 MP: 5/5
  1306 | D:3      | Identified the +3 ring mail of Daisies {rC+}
  1546 | D:3      | Found a shimmering blue altar of Sif Muna.
  1691 | D:3      | Became a worshipper of Sif Muna the Loreminder
  2060 | D:4      | Noticed an ogre
  2071 | D:4      | Killed an ogre
  2072 | D:4      | Reached XP level 6. HP: 11/48 MP: 6/6
  2228 | Abyss:1  | Cast into level 1 of the Abyss (kobold)
  2234 | Abyss:1  | Noticed a laughing skull
  2234 | Abyss:1  | Noticed a laughing skull
  2234 | Abyss:1  | Noticed a laughing skull
  2234 | Abyss:1  | Noticed a laughing skull
  2236 | Abyss:1  | Killed from afar by a laughing skull

Illustrated notes

Levels and vault maps discovered:
D:1:      dpeg_arrival_long_road, layout_rooms, kennysheep_boxes
D:2:      layout_basic, uniq_terence
D:3:      layout_loops_cross, hellmonk_sif_muna_bookshelves,
          roderic_roman_lattice, serial_park_tiny_1, minmay_box_of_dots
D:4:      layout_cave_pools
Abyss:1:  base:
D:2

Skill      XL: |  1  2  3  4  5 |
---------------+----------------+-----
Armour         | 3 |  3.6
Axes           | 3 4 |  4.2
Dodging        | 1 2 |  2.1
Fighting       | 4 |  4.0
Shields        | |  2.1

Action                     |  1- 3 |  4- 6 || total
---------------------------+-------+-------++-------
  Melee: War axe           |    50 |    98 ||   148
         Whip              |       |    71 ||    71
 Armour: Scale mail        |    27 |    39 ||    66
         Ring mail         |       |    23 ||    23
  Dodge: Dodged            |    29 |    55 ||    84
  Block: Buckler           |    13 |     3 ||    16

Table legend: (Time is in decaauts)
 A = Elapsed time spent in this place.
 B = Non-inter-level travel time spent in this place.
 C = Inter-level travel time spent in this place.
 D = Time resting spent in this place.
 E = Time spent auto-exploring this place.
 F = Levels seen in this place.
 G = Mean time per level.
                   A        B        C        D        E       F      G
               +--------+--------+--------+--------+--------+-----+--------+
         Total |   2302 |   2137 |    165 |    165 |   1534 |   5 |  460.4 |
       Dungeon |   2294 |   2129 |    165 |    165 |   1534 |   4 |  573.5 |
         Abyss |      7 |      7 |      0 |      0 |      0 |   1 |    7.0 |
               +--------+--------+--------+--------+--------+-----+--------+

Top non-repeatable levels by time:
     D:3: 1084 daAuts
     D:1: 660 daAuts
     D:2: 501 daAuts
     D:4: 48 daAuts
 Abyss:1: 7 daAuts
